Map: Oceanborn LE

Players

LiquidClem (Clem) - Winner!

  • Race: Terran Terran
  • League: Grandmaster
  • Spawn Location: 5:00

VITRyung (Ryung)

  • Race: Terran Terran
  • Spawn Location: 11:00

Event: HomeStory Cup XXV

VOD

Have the link to the VOD?

Description

Time

  • Played on: June 21, 2024, 10:19 a.m.
  • Length: 3:25

All games in this series

Show
View Real Time Build Order
Export as new Build Order

LiquidClem Terran - Winner!

Build Orders:  

Get SALT Encoding   

  12  0:00  SCV  
  13  0:12  SCV  
  14  0:16  Supply Depot  
  14  0:24  SCV  
  15  0:38  SCV  
  15  0:39  Barracks  
  16  0:44  Refinery  
  16  0:56  Barracks  
  16  1:00  SCV  
  17  1:09  Refinery  
  17  1:12  SCV  
  18  1:27  Reaper  
  18  1:29  Orbital Command  
  19  1:38  Supply Depot  
  19  1:43  Reaper  
  20  1:54  SCV  
  20  1:59  Reaper  
  22  2:06  SCV  
  23  2:10  Factory  
  23  2:18  SCV, Reaper  
  25  2:31  SCV  
  26  2:40  Reaper  
  26  2:43  SCV  
  28  2:53  Command Center  
  28  2:55  SCV  
  30  3:07  Supply Depot, SCV  
Show
View Real Time Build Order
Export as new Build Order

VITRyung Terran 

Build Orders: Reaper Expand 

Get SALT Encoding   

  12  0:00  SCV  
  13  0:12  SCV  
  14  0:17  Supply Depot  
  14  0:24  SCV  
  15  0:38  SCV  
  15  0:39  Barracks  
  15  0:42  Refinery  
  16  0:50  SCV  
  17  1:03  SCV  
  18  1:15  SCV  
  19  1:25  Reaper  
  19  1:27  Orbital Command  
  20  1:38  Command Center  
  20  1:46  Supply Depot  
  20  1:52  SCV  
  21  1:57  Marine  
  22  2:04  SCV  
  22  2:05  Factory  
  23  2:12  Refinery  
  23  2:15  Marine  
  23  2:16  SCV  
  25  2:28  SCV  
  24  2:33  Marine  
  23  2:40  SCV  
  22  2:51  Marine, Hellion  
  22  2:53  SCV  
  22  3:05  SCV  
Tags
 
Add a new tag
Caveats
  • Supply blocks, unpowered buildings, or Contaminate may cause inaccurate times.
  • Supply counts are checked every 10 seconds.